 Dungeon Crawl Stone Soup version 0.19.5 (webtiles) character file.

126 Santreim the Stinger (level 4, -17/24 HPs)
             Began as a Deep Elf Venom Mage on Mar 9, 2017.
             Was an Initiate of Vehumet.
             Demolished by Azzok's ghost (20 damage)
             ... on level 4 of the Dungeon.
             The game lasted 00:12:01 (2619 turns).

Santreim the Stinger (Deep Elf Venom Mage)          Turns: 2619, Time: 00:12:02

Health: -17/24     AC:  2    Str:  5    XL:     4   Next: 84%
Magic:  8/12       EV: 13    Int: 21    God:    Vehumet [......]
Gold:   68         SH:  0    Dex: 15    Spells: 3 memorised, 3 levels left

rFire  + . .     SeeInvis .     d - +1 mace (protect)
rCold  . . .     Gourm    .     y - +0 robe
rNeg   . . .     Faith    .     (no shield)
rPois  .         Spirit   .     (no helmet)
rElec  .         Reflect  .     (no cloak)
rCorr  .         Harm     .     (no gloves)
MR     .....                    (no boots)
Stlth  ++........               (no amulet)
                                (no ring)
                                f - ring of protection from fire

@: no status effects
A: no striking features
a: Renounce Religion


You were on level 4 of the Dungeon.
You worshipped Vehumet.
Vehumet was noncommittal.
You were not hungry.

You visited 1 branch of the dungeon, and saw 4 of its levels.

You collected 68 gold pieces.

Inventory:

Hand Weapons
 d - a +1 mace of protection (weapon)
 w - a +0 hunting sling (quivered)
Armour
 a - a +0 robe
 j - a +0 robe
 n - a +0 robe
 v - a +0 robe
 y - a +0 robe (worn)
Jewellery
 f - a ring of protection from fire (left hand)
 m - a cursed ring of ice
Scrolls
 g - 4 scrolls of identify
 h - a scroll of fear {unknown}
 i - a scroll of enchant armour {unknown}
 l - 2 scrolls of blinking {unknown}
 o - a scroll of recharging {unknown}
 p - a scroll of teleportation {unknown}
 q - a scroll of amnesia {unknown}
 r - 2 scrolls of remove curse {unknown}
 s - a scroll of fog {unknown}
Potions
 e - 3 potions of degeneration {unknown}
 k - a potion of flight {unknown}
 t - 2 potions of lignification {unknown}
 u - 2 potions of brilliance {unknown}
 x - a potion of curing {unknown}
Books
 b - a Young Poisoner's Handbook

   Spells                             Type                      Level
   a - Sting                          Conjuration/Poison           1
   b - Mephitic Cloud                 Conjuration/Poison/Air       3
   c - Olgreb's Toxic Radiance        Poison                       4
   d - Alistair's Intoxication        Transmutation/Poison         5
   e - Venom Bolt                     Conjuration/Poison           5
 z - a book of Minor Magic

   Spells                             Type                      Level
   a - Magic Dart                     Conjuration                  1
   b - Blink                          Translocation                2
   c - Call Imp                       Summoning                    2
   d - Repel Missiles                 Charms/Air                   2
   e - Slow                           Hexes                        2
   f - Conjure Flame                  Conjuration/Fire             3
   g - Mephitic Cloud                 Conjuration/Poison/Air       3
Comestibles
 c - 4 bread rations


   Skills:
 - Level 0.1 Fighting
 + Level 3.0 Dodging
 + Level 3.0 Stealth
 + Level 4.1 Spellcasting
 + Level 1.3 Conjurations
 + Level 0.2 Air Magic
 + Level 5.5 Poison Magic


You had 3 spell levels left.
You knew the following spells:

 Your Spells              Type           Power        Failure   Level  Hunger
a - Sting                 Conj/Pois      ###.         3%          1    None
b - Mephitic Cloud        Conj/Pois/Air  ##......     17%         3    ###....
c - Olgreb's Toxic Radia  Pois           ####....     14%         4    ####...


Dungeon Overview and Level Annotations

Branches:
Dungeon (4/15)
 Temple: D:4-7

Altars:
Gozag
Okawaru
Ru
Vehumet
The Shining One

Annotations:
D:4 Azzok's ghost, novice MiGl


Message History

You begin to radiate toxic energy.
Your toxic aura wanes.
Azzok's ghost wails.
You hit Azzok's ghost.
Your weapon exudes an aura of protection.
Azzok's ghost is lightly damaged.
Azzok's ghost hits you!
You closely miss Azzok's ghost.
Azzok's ghost is lightly damaged.
Azzok's ghost closely misses you.
You hit Azzok's ghost.
Azzok's ghost is lightly damaged.
Azzok's ghost hits you. Azzok's ghost hits you!
Ouch! That really hurt!
* * * LOW HITPOINT WARNING * * *
Azzok's ghost wails, "I was like you once."
Your magical contamination has completely faded away.
Azzok's ghost hits you!!
Ouch! That really hurt!
You die...

######### #.......#
#.......## #........#
#........###...
############........#
....... ##..#####.#
....... ##@W.##
....... ##..#..#####
##
....(..##..###.....##
.# .# .......#..##
#####..# .#.##
.........####
##.##....##
............### #...#
... .......####...##
###.##.# .......
###..######....#
.......
##...........#


You could see Azzok's ghost.

Vanquished Creatures
  An orc priest (D:3)
  An orc wizard (D:3)
  2 oozes (D:2)
  2 worms
  A leopard gecko (D:3)
  5 orcs (D:3)
  8 bats
  4 giant cockroaches
  2 goblins (D:1)
  3 hobgoblins (D:1)
  4 jackals (D:1)
  6 kobolds
  A quokka (D:2)
  A ball python (D:3)
  A frilled lizard (D:2)
  3 rats
45 creatures vanquished.

Notes
Turn   | Place    | Note
-------+----------+-------------------------------------------
     0 | D:1      | Santreim the Deep Elf Venom Mage began the quest for the Orb.
     0 | D:1      | Reached XP level 1. HP: 10/10 MP: 6/6
   133 | D:1      | Reached XP level 2. HP: 6/15 MP: 1/8
   640 | D:1      | Reached skill level 5 in Poison Magic
  1118 | D:2      | Found a radiant altar of Vehumet.
  1134 | D:2      | Reached XP level 3. HP: 17/19 MP: 7/9
  1136 | D:2      | Became a worshipper of Vehumet
  1263 | D:2      | Learned a level 3 spell: Mephitic Cloud
  1369 | D:2      | Found a sacrificial altar of Ru.
  1374 | D:2      | Found a glowing golden altar of the Shining One.
  1381 | D:2      | Found an iron altar of Okawaru.
  1551 | D:3      | Reached skill level 1 in Conjurations
  1551 | D:3      | Reached XP level 4. HP: 24/24 MP: 3/11
  1994 | D:3      | Found a glowing golden altar of the Shining One.
  2209 | D:3      | Found a faded altar of an unknown god.
  2209 | D:3      | Found an opulent altar of Gozag.
  2214 | D:3      | Found a faded altar of an unknown god.
  2216 | D:3      | Found a faded altar of an unknown god.
  2217 | D:3      | Found a faded altar of an unknown god.
  2415 | D:3      | Learned a level 4 spell: Olgreb's Toxic Radiance
  2588 | D:4      | Noticed Azzok's ghost (novice MiGl)
  2598 | D:4      | HP: 1/24 [Azzok's ghost (12)]
  2619 | D:4      | Demolished by Azzok's ghost

Skill      XL: |  1  2  3  4 |
---------------+-------------+-----
Poison Magic   | 5 |  5.5
Stealth        | 3 |  3.0
Conjurations   | 1 |  1.3
Dodging        | 3 |  3.0
Spellcasting   | 4 |  4.1
Fighting       | |  0.1
Air Magic      | |  0.2

Action                   |  1- 3 |  4- 6 || total
-------------------------+-------+-------++-------
Melee: Mace              |    64 |    20 ||    84
 Cast: Sting             |    58 |    22 ||    80
       Mephitic Cloud    |     2 |     2 ||     4
       Olgreb's Toxic Ra |       |     2 ||     2
  Use: Scroll            |     3 |       ||     3
  Eat: Beef jerky        |     1 |       ||     1
       Bread ration      |       |     1 ||     1
       Pizza             |       |     1 ||     1
       Chunk             |       |     1 ||     1
Armor: Robe              |    34 |     2 ||    36
Dodge: Dodged            |    61 |    13 ||    74
